 Dungeon Crawl Stone Soup version 0.22-a0-799-g88f5e90 (webtiles) character file.

483757 Amnesiac the Metallomancer (level 23, -5/179 HPs)
             Began as a Mummy Earth Elementalist on July 21, 2018.
             Was the Champion of Vehumet.
             Slain by Mennas
             ... wielding a +0 eudemon blade of holy wrath
              (6 damage)
             ... on level 4 of the Vaults.
             The game lasted 02:13:31 (54706 turns).

Amnesiac the Metallomancer (MuEE)                  Turns: 54706, Time: 02:13:32

Health: -5/179     AC: 17    Str: 16    XL:     23   Next: 75%
Magic:  56/77      EV: 25    Int: 29    God:    Vehumet [******]
Gold:   1964       SH:  8    Dex: 25    Spells: 15/66 levels left

rFire    + . .     SeeInvis .   a - staff of earth
rCold    + . .     Gourm    .   A - +1 buckler of a Billion Hells {rF++}
rNeg     + + +     Faith    .   t - +3 robe of Folly {Archmagi, MR-- Int+5}
rPois    ∞         Spirit   .   h - +3 hat of Pondering {ponderous, MR+ MP+10 Int+5}
rElec    +         Reflect  .   E - +2 cloak {MR+}
rCorr    .         Harm     .   j - +2 pair of gloves
MR       ++...                  O - +2 pair of boots of the Assassin {Detection Stab+ Stlth++}
Stlth    ++++......             F - amulet "Iwnapn" {rPois Regen+ Dex+4}
HPRegen  0.79/turn              U - ring of Creativity {rElec MP+9 Stlth+}
MPRegen  0.45/turn              x - ring of Jatyuc {MP+9 Str+3 Int-4 Dex+9 Stlth+}

@: glowing, slow
A: no food or potions, fire vulnerability, cold resistance 1, negative energy
resistance 3, torment resistance, unbreathing, in touch with death 1
}: 2/15 runes: decaying, serpentine
a: Renounce Religion


You were on level 4 of the Vaults.
You worshipped Vehumet.
Vehumet was exalted by your worship.
You were not hungry.

You visited 10 branches of the dungeon, and saw 43 of its levels.
You visited 2 bazaars.
You also visited: Sewer, Bailey, Ice Cave and Volcano.

You collected 5745 gold pieces.
You spent 3781 gold pieces at shops.

Inventory:

Hand Weapons
 g - the cursed +1 long sword of Ashenzari {elec, +Rage Int+4 SInv, unknown}
   (You found it on level 3 of the Vaults)

   Occasionally, upon striking a foe, it will discharge some electrical energy
   and cause terrible harm.
   It affects your intelligence (+4).
   It lets you see invisible.
   It lets you go berserk.
   It has a curse placed upon it.
Missiles
 v - 1047 stones (quivered)
Armour
 h - the +3 hat of Pondering (worn) {ponderous, MR+ MP+10 Int+5}
   (You found it on level 3 of the Elven Halls)

   It affects your intelligence (+5).
   It affects your resistance to hostile enchantments.
   It affects your magic capacity (+10).
 j - a +2 pair of gloves (worn)
 k - the +2 pair of gloves "Wairil" {rElec rN+ Dex+2, unknown}
   (You found it on level 4 of the Vaults)

   It affects your dexterity (+2).
   It insulates you from electricity.
   It protects you from negative energy.
 t - the +3 robe of Folly (worn) {Archmagi, MR-- Int+5}
   (You bought it in a shop on level 6 of the Dungeon)

   It affects your intelligence (+5).
   It affects your resistance to hostile enchantments.
 A - the +1 buckler of a Billion Hells (worn) {rF++}
   (You found it on level 3 of the Vaults)

   It greatly protects you from fire.
 D - a +2 pair of boots of flying
 E - a +2 cloak of magic resistance (worn)
 O - the +2 pair of boots of the Assassin (worn) {Detection Stab+ Stlth++}
   (You acquired it on level 2 of the Vaults)

   It makes you much more stealthy.
Magical Staves
 a - an uncursed staff of earth (weapon)
 q - an uncursed staff of energy
Jewellery
 i - an uncursed ring of resist corrosion
 o - the ring "Plog" {Fire -Tele rElec MP+9 Str+3}
   (You took it off a vampire knight on level 3 of the Crypt)

   [ring of fire]

   It enhances your fire magic.
   It affects your strength (+3).
   It protects you from fire.
   It makes you vulnerable to cold.
   It insulates you from electricity.
   It affects your magic capacity (+9).
   It prevents most forms of teleportation.
 x - the ring of Jatyuc (right hand) {MP+9 Str+3 Int-4 Dex+9 Stlth+}
   (You found it on level 8 of the Dungeon)

   [ring of magical power]

   It affects your strength (+3).
   It affects your intelligence (-4).
   It affects your dexterity (+9).
   It affects your magic capacity (+9).
   It makes you more stealthy.
 C - an uncursed ring of wizardry
 F - the amulet "Iwnapn" (around neck) {rPois Regen+ Dex+4}
   (You found it on level 1 of the Lair of Beasts)

   [amulet of regeneration]

   It affects your dexterity (+4).
   It protects you from poison.
   It increases your rate of regeneration.
 U - the ring of Creativity (left hand) {rElec MP+9 Stlth+}
   (You bought it in a shop on level 3 of the Vaults)

   [ring of stealth]

   It insulates you from electricity.
   It affects your magic capacity (+9).
   It makes you more stealthy.
 W - an uncursed ring of see invisible
Wands
 u - a wand of digging (35)
 w - a wand of paralysis (18)
 H - a wand of acid (17)
 J - a wand of iceblast (30)
 K - a wand of scattershot (6)
 R - a wand of enslavement (14)
 S - a wand of disintegration (25)
Scrolls
 c - 3 scrolls of enchant armour {!r}
 d - 11 scrolls of amnesia {!r}
 e - a scroll of acquirement {!r}
 f - 8 scrolls of fog {!r}
 m - 10 scrolls of magic mapping {!r}
 n - 22 scrolls of teleportation {!r}
 p - 5 scrolls of silence {!r}
 r - 16 scrolls of identify {!r}
 s - 20 scrolls of remove curse {!r}
 z - 12 scrolls of enchant weapon {!r}
 B - 2 scrolls of blinking {!r}
 G - 4 scrolls of fear {!r}
 I - 2 scrolls of vulnerability {!r}
 L - a scroll of summoning {!r}
 M - 5 scrolls of torment {!r}
Miscellaneous
 b - a lamp of fire
 y - a phial of floods (inert)
 P - a crystal ball of energy
 Q - a lightning rod (4/4)


   Skills:
 + Level 14.4 Fighting
 + Level 9.1 Staves
 + Level 12.5 Dodging
 + Level 9.8 Stealth
 - Level 5.2 Shields
 - Level 22.0 Spellcasting
 - Level 8.0 Conjurations
 - Level 4.0 Transmutations
 - Level 22.0 Earth Magic
 - Level 4.0 Evocations


You had 15 spell levels left.
You knew the following spells:

 Your Spells              Type           Power        Failure   Level  Hunger
a - Lehudib's Crystal Sp  Conj/Erth      ########..   4%          8    N/A
b - Passwall              Tmut/Erth      ########     0%          2    N/A
c - Sandblast             Erth           ######       0%          1    N/A
d - Lee's Rapid Deconstr  Erth           #########.   0%          5    N/A
e - Borgnjor's Vile Clut  Necr/Erth      ########..   1%          5    N/A
f - Swiftness             Chrm/Air       #####...     1%          2    N/A
g - Confusing Touch       Hex            #####.       1%          1    N/A
h - Petrify               Tmut/Erth      ########     1%          4    N/A
q - Shatter               Erth           #########.   3%          9    N/A
t - Iron Shot             Conj/Erth      ########..   1%          6    N/A
w - Irradiate             Conj/Tmut      #######...   1%          5    N/A
z - Ozocubu's Armour      Chrm/Ice       #####...     3%          3    N/A

Your spell library contained the following spells:

 Spells                   Type           Power        Failure   Level  Hunger
 Cause Fear               Hex            #####.....   11%         4    N/A
 Magic Dart               Conj           ####         1%          1    N/A
 Fireball                 Conj/Fire      ######....   1%          5    N/A
 Apportation              Tloc           #####.       1%          1    N/A
 Conjure Flame            Conj/Fire      ######..     1%          3    N/A
 Bolt of Fire             Conj/Fire      ######....   9%          6    N/A
 Bolt of Cold             Conj/Ice       ######....   9%          6    N/A
 Lightning Bolt           Conj/Air       ######....   1%          5    N/A
 Bolt of Magma            Conj/Fire/Erth ########..   1%          5    N/A
 Confuse                  Hex            #####...     3%          3    N/A
 Throw Flame              Conj/Fire      ######       1%          2    N/A
 Throw Frost              Conj/Ice       ######       1%          2    N/A
 Freezing Cloud           Conj/Ice/Air   ######....   16%         6    N/A
 Mephitic Cloud           Conj/Pois/Air  ######..     1%          3    N/A
 Ring of Flames           Chrm/Fire      #####.....   100%        7    N/A
 Venom Bolt               Conj/Pois      ######....   1%          5    N/A
 Death's Door             Chrm/Necr      ######....   100%        8    N/A
 Summon Small Mammal      Summ           ####         1%          1    N/A
 Iskenderun's Mystic Bla  Conj           #######.     1%          4    N/A
 Summon Horrible Things   Summ           #####.....   100%        8    N/A
 Animate Dead             Necr           N/A          11%         4    N/A
 Pain                     Necr           ####         1%          1    N/A
 Animate Skeleton         Necr           N/A          1%          1    N/A
 Vampiric Draining        Necr           ######....   3%          3    N/A
 Haunt                    Necr/Summ      ######....   100%        7    N/A
 Borgnjor's Revivificati  Necr           ######....   100%        8    N/A
 Freeze                   Ice            ####         1%          1    N/A
 Ozocubu's Refrigeration  Ice            #####.....   38%         6    N/A
 Sticky Flame             Conj/Fire      ######..     1%          4    N/A
 Summon Ice Beast         Ice/Summ       #####...     11%         4    N/A
 Regeneration             Chrm/Necr      ######....   3%          3    N/A
 Summon Demon             Summ           #####.....   30%         5    N/A
 Summon Greater Demon     Summ           #####.....   100%        7    N/A
 Corpse Rot               Necr           N/A          1%          2    N/A
 Stone Arrow              Conj/Erth      ######       0%          3    N/A
 Shock                    Conj/Air       ####         1%          1    N/A
 Recall                   Summ/Tloc      N/A          3%          3    N/A
 Statue Form              Tmut/Erth      ########.    1%          6    N/A
 Ice Form                 Ice/Tmut       ######..     4%          4    N/A
 Dragon Form              Tmut           ######....   87%         7    N/A
 Necromutation            Tmut/Necr      #######...   100%        8    N/A
 Death Channel            Necr           ######....   86%         6    N/A
 Throw Icicle             Conj/Ice       ######..     1%          4    N/A
 Airstrike                Air            #####.....   3%          4    N/A
 Shadow Creatures         Summ           N/A          86%         6    N/A
 Flame Tongue             Conj/Fire      #####        1%          1    N/A
 Ignite Poison            Fire/Tmut/Pois ######..     1%          3    N/A
 Sticks to Snakes         Tmut           ######..     1%          2    N/A
 Call Canine Familiar     Summ           #####...     3%          3    N/A
 Metabolic Englaciation   Hex/Ice        #####.....   30%         5    N/A
 Summon Butterflies       Summ           #####...     1%          1    N/A
 Static Discharge         Conj/Air       ######..     1%          3    N/A
 Simulacrum               Ice/Necr       ######....   86%         6    N/A
 Monstrous Menagerie      Summ           #####.....   100%        7    N/A
 Orb of Destruction       Conj           #######...   10%         7    N/A
 Malign Gateway           Summ/Tloc      #####.....   100%        7    N/A
 Leda's Liquefaction      Hex/Erth       ########..   1%          4    N/A
 Summon Hydra             Summ           #####.....   100%        7    N/A
 Inner Flame              Hex/Fire       #####...     1%          3    N/A
 Aura of Abjuration       Summ           #####.....   30%         5    N/A
 Iskenderun's Battlesphe  Conj/Chrm      ######..     1%          5    N/A
 Fulminant Prism          Conj/Hex       ######....   1%          4    N/A
 Dazzling Spray           Conj/Hex       ######       1%          3    N/A
 Force Lance              Conj/Tloc      ######..     1%          4    N/A
 Searing Ray              Conj           ######       1%          2    N/A
 Summon Forest            Summ/Tloc      #####.....   30%         5    N/A
 Summon Lightning Spire   Summ/Air       #####...     11%         4    N/A
 Summon Guardian Golem    Hex/Summ       #####...     3%          3    N/A
 Dragon's Call            Summ           #####.....   100%        9    N/A
 Spellforged Servitor     Conj/Summ      ######....   41%         7    N/A
 Summon Mana Viper        Hex/Summ       #####...     30%         5    N/A
 Hydra Form               Tmut           ######....   32%         6    N/A
 Gell's Gravitas          Tloc           #####.....   3%          3    N/A
 Yara's Violent Unravell  Hex/Tmut       ######....   3%          5    N/A
 Infestation              Necr           ######....   100%        8    N/A
 Poisonous Vapours        Pois/Air       #####.       1%          2    N/A

Dungeon Overview and Level Annotations

Branches:
Dungeon (15/15)            Temple (1/1) D:4            Lair (6/6) D:10
  Swamp (4/4) Lair:3        Snake (4/4) Lair:2        Slime (0/5) Lair:6
    Orc (2/2) D:10            Elf (3/3) Orc:2        Vaults (4/5) D:13
  Crypt (3/3) Vaults:2       Tomb (1/3) Crypt:3      Depths (0/5) D:15

Altars:
Ashenzari
Cheibriados
Dithmenos
Elyvilon
Fedhas
Gozag
Hepliaklqana
Kikubaaqudgha
Makhleb
Nemelex Xobeh
Okawaru
Qazlal
Ru
Sif Muna
Trog
Uskayaw
Vehumet
Wu Jian
Xom
Yredelemnul
Zin
The Shining One
Beogh
Jiyva

Shops:
D:4 *   D:6 [   D:7 *   D:15 ?   Orc:2 (*[:   Elf:2 (   Snake:2 *
Vaults:3 }[(=   Vaults:4 }(

Annotations:
Vaults:4 8 runed doors, Lagoy's ghost, adept DgWz; Mennas


Innate Abilities, Weirdness & Mutations

You do not eat or drink.
Your flesh is vulnerable to fire.
You are immune to poison.
Your flesh is cold resistant. (rC+)
You are immune to negative energy. (rN+++)
You are immune to unholy pain and torment.
You can survive without breathing.
You are in touch with the powers of death.


Message History

* * * LOW HITPOINT WARNING * * *
You convulse.
* * * LOW HITPOINT WARNING * * *
Mennas becomes audible again.
Mennas gestures frantically.
Mennas's surroundings become eerily quiet.
Mennas hits you with an eudemon blade of holy wrath.
* * * LOW HITPOINT WARNING * * *
You convulse.
* * * LOW HITPOINT WARNING * * *
Mennas misses you.
Okay, then.
Mennas completely misses you. Mennas closely misses you.
Mennas hits you with an eudemon blade of holy wrath!
* * * LOW HITPOINT WARNING * * *
You convulse!
* * * LOW HITPOINT WARNING * * *
Mennas hits you with an eudemon blade of holy wrath!!
* * * LOW HITPOINT WARNING * * *
You convulse!
* * * LOW HITPOINT WARNING * * *
Okay, then.
Evoke which item? (* to show all) (? for menu, Esc to quit)
Aim the phial where?
Press: ? - help, Shift-Dir - straight line, f/p - Mennas
Aim: Mennas, wielding an eudemon blade of holy wrath, wearing a large shield and wearing a dented platinum amulet (silenced, moderately wounded, radiating silence, haloed)
The torrent of water hits Mennas.
Mennas is heavily wounded.
Mennas is knocked back by the torrent of water.
The wave splashes down.
You fall into the shallow water.
Moving in this stuff is going to be slow.
The water rises up and takes form.
Mennas hits your water elemental with an eudemon blade of holy wrath!!
Mennas hits your water elemental with an eudemon blade of holy wrath.
Okay, then.
Evoke which item? (* to show all) (? for menu, Esc to quit)
Okay, then.
Mennas barely misses your water elemental.
Mennas hits your water elemental with an eudemon blade of holy wrath!!
Your water elemental is destroyed!
Okay, then.
Evoke which item? (* to show all) (? for menu, Esc to quit)
Okay, then.
Evoke which item? (* to show all) (? for menu, Esc to quit)
Okay, then.
Evoke which item? (* to show all) (? for menu, Esc to quit)
Okay, then.
Evoke which item? (* to show all) (? for menu, Esc to quit)
Okay, then.
Evoke which item? (* to show all) (? for menu, Esc to quit)
Okay, then.
Okay, then.
You can't drink.
You block Mennas's attack. Mennas hits you but does no damage.
Okay, then.
Mennas becomes audible again.
Mennas hits you with an eudemon blade of holy wrath!
* * * LOW HITPOINT WARNING * * *
You convulse.
* * * LOW HITPOINT WARNING * * *
Mennas hits you with an eudemon blade of holy wrath.
* * * LOW HITPOINT WARNING * * *
You convulse.
You die...

#.... #.#......#
......#.#...>...
#....#.#......#
##...'.#.......
#....#.#####.#.
#.#.........
###......)..
.##############≈........
.......@A..≈≈≈≈≈........
...........≈≈≈≈≈........
#################.......
#....... #.......
#....... #..(....
#..()... ##..(....


You could see Mennas.

Vanquished Creatures
  Mara (Swamp:3)
  15 greater mummies (Tomb:1)
  the Lernaean hydra (Swamp:4)
  Bai Suzhen (Crypt:2)
  Frederick (Crypt:2)
  Xtahua (Crypt:2)
  The ghost of Lagoy the Devastator, an adept DgWz (Vaults:1)
  2 liches (Tomb:1)
  2 deep elf blademasters (Elf:3)
  Asterion (Snake:4)
  2 deep elf master archers (Elf:3)
  11 sphinxes
  Frances (Swamp:2)
  2 thorn hunters
  2 ancient champions
  A shadow dragon (Vaults:3)
  A storm dragon (Vaults:4)
  Roxanne (Swamp:3)
  Kirke (Snake:1)
  5 revenants
  Donald (Swamp:2)
  9 nagarajas (Snake:4)
  Louise (Snake:4)
  2 fire giants
  Aizul (Snake:1)
  5 deep elf sorcerers (Elf:3)
  3 orc warlords
  A frost giant (IceCv)
  12 ghouls
  4 vault wardens
  5 deep elf elementalists (Elf:3)
  8 ironheart preservers
  A juggernaut skeleton (Crypt:2)
  2 reapers (Crypt:2)
  An entropy weaver (Vaults:2)
  2 bennus (Tomb:1)
  18 vampire knights
  6 deep elf demonologists
  A deep elf annihilator (Elf:3)
  A spectral titan (Vaults:1)
  The ghost of Ovyrhiod the Severer, a journeyman DDFi of Makhleb (Lair:3)
  10 deep elf death magi
  10 jiangshi
  Josephine (Orc:2)
  A crystal guardian (Vaults:3)
  3 deep elf high priests (Elf:3)
  8 mummy priests (Tomb:1)
  2 eidola
  5 yaktaur captains
  3 ice dragons
  Fannar (Lair:3)
  A quicksilver dragon skeleton (Crypt:2)
  Harold (D:11)
  3 vault guards
  24 naga warriors
  2 ghost crabs (Swamp:4)
  21 hydras
  12 anacondas
  A rakshasa (Vaults:3)
  A catoblepas (D:15)
  4 centaur warriors
  A spectral frost giant (Vaults:1)
  4 death knights
  10 death scarabs (Tomb:1)
  14 two-headed ogres
  29 dancing weapons
  11 alligators
  4 ogre magi
  5 deep troll shamans
  11 vampire magi
  A tengu warrior (D:13)
  5 death yaks
  2 deep troll earth magi (Vaults:3)
  A titan zombie (Crypt:3)
  10 naga sharpshooters
  14 deep elf knights
  An orc high priest (Orc:2)
  8 shock serpents
  Nergalle (Orc:2)
  6 spriggans
  A spectral human (Vaults:1)
  3 titan skeletons
  2 storm dragon skeletons
  9 deep trolls
  A golden dragon zombie (Crypt:1)
  3 shadow wraiths
  8 sea snakes (Snake:4)
  2 spriggan druids (Swamp:2)
  44 skeletal warriors
  7 unseen horrors
  4 shambling mangroves
  A quicksilver dragon simulacrum (Vaults:1)
  A flayed ghost (Crypt:2)
  A glowing orange brain (Vaults:4)
  10 swamp dragons (Swamp:4)
  8 naga ritualists
  10 ironbrand convokers
  2 lindwurms (Lair:6)
  11 wizards
  17 deep elf archers
  The ghost of Thaneod the Destroyer, a novice DEAE of Vehumet (D:8)
  An anaconda skeleton (Crypt:1)
  24 phantasmal warriors
  15 orc knights
  A wolf spider zombie (Crypt:3)
  3 stone giant zombies
  50 deep elf magi
  10 necromancers
  3 manticores
  13 mana vipers
  A wolf spider (Vaults:1)
  4 frost giant zombies
  A cyclops (shapeshifter) (Vaults:4)
  An oklob plant (Lair:3)
  2 shadow dragon skeletons
  4 cyclopes
  9 ugly things
  4 orc sorcerers
  A mana viper (shapeshifter) (Vaults:1)
  3 iron dragon zombies
  A manticore (shapeshifter) (Vaults:1)
  2 fire giant skeletons
  A spectral ettin (Vaults:1)
  7 salamanders
  A stone giant skeleton (Crypt:2)
  A shock serpent zombie (Crypt:1)
  19 naga magi
  5 toenail golems (Volcano)
  Maurice (D:11)
  7 guardian serpents
  13 elephants
  40 black mambas
  3 human skeletons
  2 titan simulacra
  2 elephants (shapeshifter)
  A dire elephant zombie (Crypt:3)
  2 dire elephant skeletons (Crypt:1)
  A spectral elf (Vaults:1)
  25 spiny frogs
  7 vault sentinels
  4 gargoyles
  3 komodo dragons
  10 freezing wraiths
  A white draconian zombie (Crypt:2)
  23 yaktaurs
  5 rime drakes
  A death yak skeleton (Crypt:2)
  A grey draconian skeleton (Crypt:1)
  A redback zombie (D:14)
  9 guardian mummies (Tomb:1)
  A queen bee (shapeshifter) (Vaults:2)
  11 trolls
  16 hornets
  9 slime creatures
  A meliai (shapeshifter) (Elf:3)
  A raiju (shapeshifter) (Vaults:2)
  11 tyrant leeches
  8 hippogriffs
  2 dream sheep (Lair:6)
  An ettin zombie (Crypt:2)
  17 polar bears
  A death drake skeleton (Crypt:3)
  A frost giant simulacrum (Vaults:1)
  A fire giant simulacrum (Vaults:1)
  24 blink frogs
  7 bog bodies
  2 stone giant simulacra
  6 air elementals
  2 human simulacra (Vaults:1)
  Sigmund (D:3)
  4 redbacks (Vaults:2)
  8 flying skulls (Tomb:1)
  2 alligator skeletons (Crypt:1)
  An ice dragon skeleton (Crypt:3)
  A black mamba zombie (Crypt:2)
  3 ushabtiu (Tomb:1)
  4 basilisks
  2 wyverns
  2 black mamba skeletons
  6 shadows
  2 fire elementals
  18 wraiths
  A fire dragon skeleton (Tomb:1)
  2 humans (shapeshifter)
  4 water elementals
  49 yaks
  2 hogs (Snake:1)
  Eustachio (D:4)
  6 hungry ghosts
  Grum (D:11)
  4 wargs
  23 insubstantial wisps
  24 swamp worms
  21 vampire mosquitoes
  53 nagas
  Duvessa (D:4)
  4 acid dragons
  A glowing shapeshifter zombie (Crypt:3)
  5 water moccasins
  A floating eye (shapeshifter) (Elf:3)
  A spiny frog zombie (Crypt:3)
  5 porcupines
  13 swamp drakes
  An ettin simulacrum (Vaults:1)
  57 orc warriors
  A hornet zombie (D:14)
  6 ice beasts
  5 sky beasts
  2 spiny frog skeletons
  A monstrous demonspawn skeleton (Crypt:1)
  Purgy (Sewer)
  3 black bears
  6 necrophages
  A snapping turtle zombie (Crypt:3)
  24 ogres
  13 wolves
  2 phantoms
  6 boggarts (Vaults:1)
  2 snapping turtle skeletons (Crypt:1)
  8 crocodiles
  A manticore skeleton (Crypt:2)
  10 centaurs
  3 human zombies
  9 big kobolds
  2 hippogriff zombies
  An elf zombie (Crypt:2)
  A yaktaur zombie (Crypt:2)
  16 bullfrogs
  3 gnoll sergeants
  Dowan (D:4)
  2 earth elementals
  A cyclops zombie (Crypt:2)
  7 scorpions
  22 wights
  16 killer bees
  A snapping turtle simulacrum (Crypt:2)
  5 jellies
  5 howler monkeys
  4 electric eels (Lair:5)
  3 crimson imps
  A bullfrog zombie (D:5)
  2 quasits
  37 orc priests
  8 hounds
  3 bullfrog skeletons
  3 centaur skeletons
  33 orc wizards
  Terence (D:3)
  Ijyb (D:3)
  6 hell rats (Lair:6)
  Natasha (thrice) (D:2 D:3)
  5 iguanas
  10 worker ants
  An acid dragon skeleton (Crypt:3)
  A big kobold skeleton (Crypt:1)
  16 mummies (Tomb:1)
  2 worker ant zombies
  11 adders
  27 gnolls
  A howler monkey skeleton (Crypt:2)
  A steam dragon zombie (Crypt:3)
  2 river rats (D:5)
  3 shadow imps
  An ooze (D:5)
  An adder zombie (D:9)
  2 adder skeletons
  A halfling skeleton (Crypt:1)
  2 worms (D:3)
  3 dart slugs
  3 leopard geckos
  148 orcs
  5 giant cockroaches
  23 goblins
  17 hobgoblins
  3 jackals (D:2)
  4 quokkas
  7 ball pythons
  6 bats
  13 frilled lizards
  A giant cockroach zombie (Crypt:3)
  13 kobolds
  A kobold zombie (Crypt:1)
  11 rats
  8 fungi
  A plant (Lair:3)
1987 creatures vanquished.

Vanquished Creatures (others)
  A great orb of eyes (Vaults:3)
  A polar bear (IceCv)
  A human (Snake:1)
  2 yaks (IceCv)
  2 wolves (IceCv)
  5 fungi
  4 plants
16 creatures vanquished.

Grand Total: 2003 creatures vanquished

Notes
Turn   | Place    | Note
-------+----------+-------------------------------------------
     0 | D:1      | Amnesiac the Mummy Earth Elementalist began the quest for the Orb.
     0 | D:1      | Reached XP level 1. HP: 13/13 MP: 4/4
   140 | D:2      | Reached XP level 2. HP: 15/19 MP: 0/5
   144 | D:2      | Learned a level 2 spell: Passwall
   582 | D:4      | Found a staircase to the Ecumenical Temple.
   588 | Temple   | Entered the Ecumenical Temple
   620 | Temple   | Became a worshipper of Vehumet
   663 | D:4      | Reached XP level 3. HP: 23/24 MP: 7/7
   817 | D:3      | Noticed Sigmund
   823 | D:3      | Killed Sigmund
   823 | D:3      | Reached XP level 4. HP: 20/30 MP: 10/10
   823 | D:3      | Reached XP level 5. HP: 24/35 MP: 11/11
   917 | D:3      | Noticed Ijyb
   923 | D:3      | Noticed Terence
  1059 | D:2      | Found a shadowy altar of Dithmenos.
  1393 | D:1      | Reached * piety under Vehumet
  1393 | D:1      | Offered knowledge of Shock by Vehumet.
  1463 | D:1      | You fall through a shaft!
  1628 | D:2      | Noticed Natasha
  1636 | D:2      | Killed Natasha
  1769 | D:2      | Found a white marble altar of Elyvilon.
  1793 | D:2      | Found a stormy altar of Qazlal.
  1795 | D:2      | Found a blossoming altar of Fedhas.
  2157 | D:3      | Reached XP level 6. HP: 41/41 MP: 13/13
  2223 | D:3      | Learned a level 5 spell: Lee's Rapid Deconstruction
  2284 | D:3      | Killed Ijyb
  2284 | D:3      | Reached skill level 5 in Spellcasting
  2284 | D:3      | Reached skill level 5 in Earth Magic
  2411 | D:3      | Noticed Natasha
  2420 | D:3      | Killed Natasha
  2490 | D:3      | Noticed Natasha
  2494 | D:3      | Killed Natasha
  2553 | D:3      | Killed Terence
  2553 | D:3      | Offered knowledge of Throw Flame by Vehumet.
  2622 | D:4      | Learned a level 3 spell: Stone Arrow
  2627 | D:4      | Learned a level 4 spell: Petrify
  2657 | D:4      | Found Tuneug's Assorted Antiques.
  2701 | D:4      | Reached ** piety under Vehumet
  2907 | D:4      | Noticed Eustachio
  2936 | D:4      | Killed Eustachio
  2936 | D:4      | Reached XP level 7. HP: 26/46 MP: 5/15
  3082 | D:5      | Entered Level 5 of the Dungeon
  3237 | D:5      | Found a sparkling altar of Nemelex Xobeh.
  3361 | D:5      | Found a glowing drain.
  3370 | Sewer    | Entered a sewer
  3543 | Sewer    | Noticed Purgy
  3553 | Sewer    | Killed Purgy
  3723 | D:5      | Noticed Dowan
  3724 | D:5      | Noticed Duvessa
  3833 | D:4      | Killed Duvessa
  3833 | D:4      | Offered knowledge of Inner Flame by Vehumet.
  3833 | D:4      | Reached XP level 8. HP: 48/52 MP: 18/18
  3841 | D:4      | Killed Dowan
  3961 | D:5      | Found an ornate altar of the Wu Jian Council.
  4130 | D:6      | Reached *** piety under Vehumet
  4340 | D:6      | Found a burning altar of Makhleb.
  4357 | D:6      | Found Agrolipt's Armour Shoppe.
  4572 | D:6      | You fall through a shaft for 2 floors!
  4616 | D:8      | Offered knowledge of Fulminant Prism by Vehumet.
  4717 | D:8      | Reached XP level 9. HP: 43/57 MP: 17/21
  4950 | D:6      | Reached **** piety under Vehumet
  5126 | D:7      | Found Gozag's Platinum Reserve.
  5131 | D:7      | Offered knowledge of Yara's Violent Unravelling by Vehumet.
  5239 | D:7      | Found an opulent altar of Gozag.
  5673 | D:7      | Identified a scroll of acquirement {!r}
  5815 | D:8      | Found a runed gate.
  5815 | D:8      | Found a runed gate.
  5815 | D:8      | Found a runed gate.
  5818 | D:8      | Noticed Thaneod's ghost (novice DEAE)
  5853 | D:8      | Killed Thaneod's ghost
  5855 | D:8      | Reached XP level 10. HP: 59/63 MP: 19/23
  5868 | D:8      | Got a sparkling copper ring
  5940 | D:8      | Identified the ring of Jatyuc {MP+9 Str+3 Int-4 Dex+9 Stlth+} (You found it on level 8 of the Dungeon)
  6006 | D:8      | Reached ***** piety under Vehumet
  6009 | D:8      | Offered knowledge of Iron Shot by Vehumet.
  6012 | D:8      | Reached skill level 10 in Earth Magic
  6034 | D:8      | Noticed a two-headed ogre
  6039 | D:8      | Learned a level 6 spell: Iron Shot
  6056 | D:8      | Killed a two-headed ogre
  6056 | D:8      | Reached skill level 10 in Spellcasting
  6121 | D:8      | Found an ancient bone altar of Kikubaaqudgha.
  6122 | D:8      | Found a hazy altar of Hepliaklqana.
  6395 | D:9      | Reached skill level 1 in Shields
  6683 | D:9      | Found Ijodamoi's Magic Scroll Emporium.
  6769 | D:9      | Learned a level 3 spell: Ozocubu's Armour
  6771 | D:9      | Learned a level 1 spell: Confusing Touch
  6783 | D:9      | Noticed a fire dragon
  6946 | D:10     | Entered Level 10 of the Dungeon
  6964 | D:10     | Noticed a two-headed ogre
  6973 | D:10     | Killed a two-headed ogre
  7071 | D:10     | Noticed an elephant
  7083 | D:10     | Killed an elephant
  7083 | D:10     | Reached XP level 11. HP: 67/68 MP: 12/26
  7227 | D:10     | Found a staircase to the Lair.
  7403 | D:10     | Noticed an orc knight
  7408 | D:10     | Killed an orc knight
  7658 | D:10     | Offered knowledge of Bolt of Magma by Vehumet.
  7690 | D:10     | Found a roughly hewn altar of Beogh.
  7690 | D:10     | Found a staircase to the Orcish Mines.
  7964 | D:10     | Killed an unseen horror
  8168 | D:10     | Killed an unseen horror
  8168 | D:10     | Reached skill level 1 in Fighting
  8359 | Orc:1    | Entered Level 1 of the Orcish Mines
  9224 | Orc:2    | Entered Level 2 of the Orcish Mines
  9504 | Orc:2    | Noticed an orc knight
  9510 | Orc:2    | Noticed an orc sorcerer
  9516 | Orc:2    | Killed an orc knight
  9522 | Orc:1    | Killed an orc sorcerer
  9809 | Orc:2    | Found a staircase to the Elven Halls.
  9825 | Orc:2    | Noticed an orc sorcerer
  9828 | Orc:2    | Killed an orc sorcerer
  9828 | Orc:2    | Noticed an orc high priest
  9836 | Orc:2    | Noticed a soul eater
 10068 | Orc:2    | Found a roughly hewn altar of Beogh.
 10105 | Orc:2    | Reached XP level 12. HP: 81/81 MP: 28/28
 10172 | Orc:1    | Noticed Josephine
 10174 | Orc:1    | Offered knowledge of Orb of Destruction by Vehumet.
 10193 | Orc:2    | Killed Josephine
 10671 | Orc:2    | Noticed Nergalle
 10684 | Orc:2    | Killed Nergalle
 10684 | Orc:2    | Reached skill level 1 in Staves
 10914 | Orc:2    | Noticed an orc warlord
 10940 | Orc:2    | Killed an orc warlord
 11120 | Orc:2    | Killed an orc high priest
 11385 | Orc:2    | Found a roughly hewn altar of Beogh.
 11390 | Orc:2    | Found Zotwi's Antique Armour Shop.
 11413 | Orc:2    | Found Leesmonovo's General Store.
 11513 | Orc:2    | Bought a shiny helmet for 225 gold pieces
 11602 | Orc:2    | Found Mutuer Zaci's Book Shop.
 11726 | Orc:2    | Found Kyaneh's Antique Weapon Shop.
 12539 | D:9      | Found a sacrificial altar of Ru.
 12617 | D:6      | Bought the +3 robe of Folly {Archmagi, MR-- Int+5} for 648 gold pieces
 12617 | D:6      | Found the +3 robe of Folly {Archmagi, MR-- Int+5}
 12740 | Lair:1   | Entered Level 1 of the Lair of Beasts
 12945 | Lair:1   | Got a steaming ring mail
 12965 | Lair:1   | Got a faintly glowing copper amulet
 12966 | Lair:1   | Identified the amulet "Iwnapn" {rPois Regen+ Dex+4} (You found it on level 1 of the Lair of Beasts)
 13034 | Lair:1   | Offered knowledge of Bolt of Draining by Vehumet.
 13417 | Lair:2   | Gained mutation: You are in touch with the powers of death. [Mummy growth]
 13417 | Lair:2   | Reached XP level 13. HP: 88/88 MP: 21/30
 13696 | Lair:2   | Found a staircase to the Snake Pit.
 13784 | Lair:2   | Found a basalt altar of Yredelemnul.
 14408 | Lair:3   | Identified the +4 ring mail "Luches" {rC+ Regen+} (You found it on level 1 of the Lair of Beasts)
 14512 | Lair:3   | Found a staircase to the Swamp.
 14518 | Lair:3   | Reached skill level 1 in Evocations
 14521 | Lair:3   | Noticed Fannar
 14526 | Lair:3   | Killed Fannar
 14556 | Lair:3   | Found a large runed door.
 14556 | Lair:3   | Found a large runed door.
 14637 | Lair:3   | Found a frozen archway.
 14771 | IceCv    | Entered an ice cave
 15329 | IceCv    | Noticed a frost giant
 15331 | IceCv    | Killed a frost giant
 15758 | Lair:3   | Noticed Ovyrhiod's ghost (journeyman DDFi)
 15768 | Lair:3   | Killed Ovyrhiod's ghost
 15837 | Lair:4   | Reached XP level 14. HP: 95/95 MP: 32/32
 16073 | Lair:4   | Offered knowledge of Spellforged Servitor by Vehumet.
 16076 | Lair:4   | Reached skill level 15 in Earth Magic
 16204 | Lair:4   | Reached skill level 15 in Spellcasting
 16210 | Lair:4   | Reached skill level 1 in Conjurations
 17534 | Lair:5   | Got an ancient shortbow
 17961 | Lair:6   | Entered Level 6 of the Lair of Beasts
 17994 | Lair:6   | Found a dark tunnel.
 18002 | Volcano  | Entered a volcano
 18463 | Lair:6   | Learned a level 5 spell: Irradiate
 19339 | Lair:6   | Found a staircase to the Slime Pits.
 19341 | Lair:6   | Found a viscous altar of Jiyva.
 19366 | Lair:6   | Reached skill level 1 in Transmutations
 19592 | Snake:1  | Entered Level 1 of the Snake Pit
 19608 | Snake:1  | Reached XP level 15. HP: 100/100 MP: 22/35
 19885 | Snake:1  | Noticed Aizul
 19894 | Snake:1  | Killed Aizul
 19969 | Snake:1  | Offered knowledge of Conjure Ball Lightning by Vehumet.
 20052 | Snake:1  | Noticed Kirke
 20057 | Snake:1  | Noticed a sphinx
 20071 | Snake:1  | Killed Kirke
 20974 | Swamp:1  | Entered Level 1 of the Swamp
 21981 | Swamp:2  | Noticed Frances
 21985 | Swamp:2  | Killed Frances
 22473 | Swamp:2  | Noticed Donald
 22479 | Swamp:2  | Killed Donald
 23555 | Swamp:3  | Noticed Mara
 23558 | Swamp:3  | Reached ****** piety under Vehumet
 23894 | Snake:2  | Reached XP level 16. HP: 106/106 MP: 6/37
 24245 | Snake:2  | Offered knowledge of Poison Arrow by Vehumet.
 25097 | Snake:2  | Found Jogu's Assorted Antiques.
 25105 | Snake:2  | Bought a scroll labeled RIKUICL JUENGE for 42 gold pieces
 25151 | Snake:2  | Bought 3 scrolls of enchant armour for 945 gold pieces
 25151 | Snake:2  | Bought a crystal ball of energy for 840 gold pieces
 26617 | Snake:4  | Entered Level 4 of the Snake Pit
 26617 | Snake:4  | Noticed Louise
 27329 | Snake:4  | Offered knowledge of Lehudib's Crystal Spear by Vehumet.
 27329 | Snake:4  | Offered knowledge of Shatter by Vehumet.
 27329 | Snake:4  | Offered knowledge of Chain Lightning by Vehumet.
 27344 | Snake:3  | Learned a level 9 spell: Shatter
 27353 | Snake:3  | Learned a level 8 spell: Lehudib's Crystal Spear
 27370 | Snake:4  | Reached XP level 17. HP: 111/111 MP: 8/39
 28305 | Snake:4  | Got a serpentine rune of Zot
 28468 | Snake:4  | Noticed Asterion
 28470 | Snake:4  | Killed Asterion
 28475 | Snake:4  | Killed Louise
 28873 | Snake:4  | Found a runed door.
 29333 | Swamp:3  | Killed Mara
 29945 | Swamp:3  | Noticed Roxanne
 29947 | Swamp:3  | Killed Roxanne
 30450 | Swamp:4  | Entered Level 4 of the Swamp
 30499 | Swamp:4  | Reached XP level 18. HP: 118/118 MP: 30/41
 30654 | Swamp:4  | Learned a level 5 spell: Borgnjor's Vile Clutch
 31023 | Swamp:4  | Identified the Handbook of Stolen Souls
 31514 | Swamp:4  | Got a decaying rune of Zot
 31978 | Swamp:4  | Noticed the 27-headed Lernaean hydra
 31994 | Swamp:4  | Killed the 27-headed Lernaean hydra
 32579 | D:11     | Noticed Maurice
 32580 | D:11     | Killed Maurice
 32604 | D:11     | Found a shadowy altar of Dithmenos.
 32607 | D:11     | Noticed Grum
 32608 | D:11     | Killed Grum
 32616 | D:11     | Noticed Harold
 32618 | D:11     | Killed Harold
 34400 | D:13     | Found a gate to the Vaults.
 34989 | D:14     | Found a flagged portal.
 35039 | Bailey   | Entered a bailey
 35160 | Bailey   | Got a scorched plate armour
 35920 | D:15     | Entered Level 15 of the Dungeon
 36221 | D:15     | Found a staircase to the Depths.
 36240 | D:15     | Found Hyups's Magic Scroll Boutique.
 36853 | Swamp:3  | Identified the +6 plate armour of Coronation {-Cast rElec Regen+ SInv} (You found it in a bailey)
 37055 | Vaults:1 | Entered Level 1 of the Vaults
 37061 | Vaults:1 | Reached XP level 19. HP: 123/123 MP: 32/44
 37426 | Vaults:1 | Learned a level 2 spell: Swiftness
 37436 | Vaults:1 | Found a gateway to a bazaar.
 37678 | Vaults:1 | Noticed Lagoy's ghost (adept DgWz)
 37681 | Vaults:1 | Found a runed door.
 37701 | Vaults:1 | Killed Lagoy's ghost
 38520 | Vaults:1 | Got a fine arbalest
 38662 | Bazaar   | Entered a bazaar
 38680 | Bazaar   | Found Vuvu's Weapon Shoppe.
 38680 | Bazaar   | Found Egaomaloss's Book Emporium.
 38701 | Bazaar   | Found Cextyste's Antique Weapon Shoppe.
 38716 | Bazaar   | Found Cupp's Assorted Antiques.
 38720 | Bazaar   | Bought a large ivory ring for 80 gold pieces
 39071 | Vaults:2 | Found the +2 pair of boots of the Assassin {Detection Stab+ Stlth++}
 39237 | Vaults:2 | Found a staircase to the Crypt.
 39281 | Crypt:1  | Entered Level 1 of the Crypt
 40380 | Vaults:2 | Got a jewelled chain mail
 41123 | Vaults:3 | Reached XP level 20. HP: 131/131 MP: 46/46
 41155 | Vaults:3 | Paralysed by a sphinx for 7 turns
 41324 | Vaults:3 | Found Jesteen's Gadget Shop.
 41343 | Vaults:3 | Found Mutseeb's Antique Weapon Boutique.
 41350 | Vaults:3 | Found Jymam's Antique Armour Emporium.
 41354 | Vaults:3 | Reached skill level 5 in Fighting
 41365 | Vaults:3 | Bought a pair of embroidered boots for 210 gold pieces
 41429 | Vaults:3 | Reached skill level 5 in Dodging
 41429 | Vaults:3 | Reached skill level 5 in Conjurations
 41434 | Vaults:3 | Reached skill level 5 in Shields
 41520 | Vaults:3 | Got a smoking buckler
 41542 | Vaults:3 | Found Pulixac's Jewellery Boutique.
 41546 | Vaults:3 | Bought the ring of Creativity {rElec MP+9 Stlth+} for 655 gold pieces
 41739 | Vaults:1 | Identified the +1 buckler of a Billion Hells {rF++} (You found it on level 3 of the Vaults)
 41751 | Vaults:1 | Identified the +0 chain mail of Kikubaaqudgha {rElec Str+2} (You found it on level 2 of the Vaults)
 43071 | Crypt:2  | Noticed Frederick
 43074 | Crypt:2  | Killed Frederick
 43079 | Crypt:2  | Noticed Bai Suzhen
 43080 | Crypt:2  | Noticed Xtahua
 43082 | Crypt:2  | Killed Bai Suzhen
 43087 | Crypt:2  | Killed Xtahua
 43558 | Crypt:3  | Entered Level 3 of the Crypt
 43778 | Crypt:3  | Reached XP level 21. HP: 108/148 MP: 38/47
 44167 | Crypt:3  | Found an ancient bone altar of Kikubaaqudgha.
 44245 | Crypt:3  | Reached skill level 10 in Fighting
 44538 | Crypt:3  | Found a staircase to the Tomb.
 45079 | Crypt:3  | Got a smoking pewter ring
 45083 | Crypt:3  | Got an encrusted lajatang {slice}
 45187 | Crypt:3  | Identified the Guide on Stolen Souls
 45367 | Crypt:3  | Identified the ring "Plog" {Fire -Tele rElec MP+9 Str+3} (You took it off a vampire knight on level 3 of the Crypt)
 45468 | Tomb:1   | Entered Level 1 of the Tomb of the Ancients
 45483 | Tomb:1   | Noticed a greater mummy
 45486 | Tomb:1   | Killed a greater mummy
 45501 | Tomb:1   | Noticed a greater mummy
 45505 | Tomb:1   | Killed a greater mummy
 45527 | Tomb:1   | Noticed a greater mummy
 45530 | Tomb:1   | Noticed a greater mummy
 45702 | Tomb:1   | Killed a greater mummy
 45702 | Tomb:1   | Killed a greater mummy
 45752 | Tomb:1   | Noticed a greater mummy
 45758 | Tomb:1   | Killed a greater mummy
 45758 | Tomb:1   | Reached skill level 10 in Dodging
 45834 | Tomb:1   | Noticed a greater mummy
 45838 | Tomb:1   | Killed a greater mummy
 45848 | Tomb:1   | Noticed a greater mummy
 45989 | Tomb:1   | Killed a greater mummy
 45990 | Tomb:1   | Noticed a greater mummy
 45992 | Tomb:1   | Killed a greater mummy
 46014 | Tomb:1   | Reached XP level 22. HP: 165/165 MP: 24/48
 46298 | Tomb:1   | Reached skill level 5 in Stealth
 46494 | Tomb:1   | Reached skill level 5 in Staves
 46701 | Tomb:1   | Noticed a greater mummy
 46710 | Tomb:1   | Killed a greater mummy
 46809 | Tomb:1   | Noticed a greater mummy
 46810 | Tomb:1   | Killed a greater mummy
 46810 | Tomb:1   | Noticed a greater mummy
 46817 | Tomb:1   | Noticed a greater mummy
 47134 | Tomb:1   | Noticed a greater mummy
 47140 | Tomb:1   | Killed a greater mummy
 47144 | Tomb:1   | Noticed a greater mummy
 47146 | Tomb:1   | Noticed a greater mummy
 47147 | Tomb:1   | Killed a greater mummy
 47148 | Tomb:1   | Killed a greater mummy
 47159 | Tomb:1   | Noticed a greater mummy
 47364 | Tomb:1   | Killed a greater mummy
 47552 | Tomb:1   | Killed a greater mummy
 48498 | Elf:1    | Entered Level 1 of the Elven Halls
 48940 | Elf:1    | Got a polished ring mail
 49942 | Elf:1    | Identified the cursed +0 ring mail of Melancholy {+Blink rPois rCorr Slay+3} (You found it on level 1 of the Elven Halls)
 49992 | Elf:2    | Found Xaok's Antique Weapon Shop.
 50370 | Elf:2    | Found a runed gate.
 50370 | Elf:2    | Found a runed gate.
 50370 | Elf:2    | Found a runed gate.
 50608 | Elf:2    | Reached XP level 23. HP: 175/175 MP: 16/49
 51192 | Elf:3    | Entered Level 3 of the Elven Halls
 51865 | Elf:3    | Found the +3 hat of Pondering {ponderous, MR+ MP+10 Int+5}
 52043 | Elf:3    | Identified the Disquisition on Changing
 52058 | Elf:3    | Identified Wynoe's Collected Works on Slavery and the Mountains
 52113 | Elf:3    | Got a crude plate armour
 52511 | Elf:3    | Identified the +8 plate armour "Vomuawk" {+Inv MR- Int+4} (You took it off a deep elf master archer on level 3 of the Elven Halls)
 53648 | Vaults:3 | Got a twisted long sword
 53708 | Vaults:3 | Found a gateway to a bazaar.
 53798 | Bazaar   | Entered a bazaar
 53812 | Bazaar   | Found Ogis's Antique Weapon Emporium.
 53823 | Bazaar   | Found Soukag's Antique Weapon Shoppe.
 53839 | Bazaar   | Found Qanil's Antique Armour Emporium.
 53850 | Bazaar   | Found Viunlus's Antique Armour Shoppe.
 53855 | Bazaar   | Bought a runed robe for 136 gold pieces
 54152 | Vaults:4 | Noticed Mennas
 54156 | Vaults:4 | Found a large runed door.
 54156 | Vaults:4 | Found Quastro's Gadget Emporium.
 54157 | Vaults:4 | Found a large runed door.
 54157 | Vaults:4 | Noticed an ancient lich
 54158 | Vaults:4 | Found a large runed door.
 54294 | Vaults:4 | Found a large runed door.
 54295 | Vaults:4 | Found a large runed door.
 54295 | Vaults:4 | Noticed Lagoy's ghost (adept DgWz)
 54300 | Vaults:4 | Found a large runed door.
 54300 | Vaults:4 | Found a large runed door.
 54304 | Vaults:4 | Found a large runed door.
 54353 | Vaults:4 | Found Xero Vuwku's Weapon Shop.
 54467 | Vaults:4 | Got a pair of ichor-stained gloves
 54706 | Vaults:4 | HP: 6/179 [Mennas/eudemon blade of holy wrath (7)]
 54706 | Vaults:4 | HP: 1/179 [Mennas/eudemon blade of holy wrath (5)]
 54706 | Vaults:4 | Slain by Mennas

Vault maps used:
D:1:      lightli_arrival_flooded_house
D:2:      grunt_temple_overflow_forces_of_nature, old_standard_altar,
          overflow_temple_1_default, first_ration, uniq_natasha
D:3:      dk_noncrumbling_2, uniq_ijyb, uniq_sigmund, uniq_terence
D:4:      minmay_temple_entry_butterflies, serial_shops, kennysheep_mini,
          uniq_eustachio
D:5:      old_standard_altar, nemelex_altar_shiori, portal_sewer_entry_b,
          uniq_duvessa
D:6:      overflow_temple_1_default, serial_shops, shop_statue, grunt_tough_drop
D:7:      nicolae_gozag_zags_fifth_avenue
D:8:      gammafunk_temple_overflow_statue, gammafunk_ghost_nasty_kobolds
D:9:      minmay_the_grid_net, nicolae_ru_great_annihilating_truth,
          serial_shops, shop_statue
D:10:     david_lair_generic, david_orc_5
D:11:     grunt_pizzeria, grunt_dithmenos_smoke_and_mirrors, uniq_grum,
          uniq_harold, uniq_maurice
D:13:     erik_vaults_1
D:14:     enter_bailey_2, infiniplex_staircase_pillars_2
D:15:     grunt_enter_depths_giant_problem, minmay_misc_feat_plants,
          serial_shops, shop
Temple:   nicolae_temple_x_marks_the_god
Lair:2:   guppyfry_snake_entry_garden, basic_altar, st_stairs_11,
          lemuel_fruit_fields
Lair:3:   minmay_swamp_entry_reptiles, ebering_ghost_disaster_area,
          portal_ice_cave_entry_pillars_1, uniq_fannar
Lair:5:   dragon1_lemuel
Lair:6:   hangedman_lair_in_review, slime_altar_1,
          nicolae_volcano_entry_hallway, infiniplex_staircase_pool,
          serial_bayou_shore_a
Swamp:1:  nicolae_swamp_trees_clearing
Swamp:2:  hangedman_swamp_ruin_wall, uniq_frances, uniq_donald
Swamp:3:  evilmike_swamp_ruin_house_1, uniq_roxanne, uniq_mara
Swamp:4:  swamp
Snake:1:  nicolae_snake_shapes, uniq_aizul, uniq_kirke
Snake:2:  serial_shops, nicolae_shop_statue_plus, st_stairs_8
Snake:4:  grunt_snake_rune_pools, lightli_airlock, uniq_louise, uniq_asterion
Orc:1:    mines2_lemuel, uniq_josephine
Orc:2:    grunt_orc_cross, basic_altar
Elf:1:    eino_elf_arrival_customs, evilmike_minifort, grunt_megastairs_4
Elf:2:    serial_shops, nicolae_shop_crystal
Elf:3:    elf_hall_gauntlet_wide, kilobyte_mutagenic_chamber
Vaults:1: gammafunk_vaults_ghost_necromancy, v_pattern_4, v_alt_pattern_2,
          nicolae_vaults_little_squares_6, nicolae_vaults_yaktaur_gun_rack,
          ontoclasm_vaults_spin, hangedman_vaults_corner_blocks,
          vaults_dpeg_encased_lava, hangedman_vaults_nails,
          dpeg_vaults_monster_box, serial_shops, bzr_in_the_mist
Vaults:2: ontoclasm_vaults_shout, vaults_standard_mumra_enter_the_diamond,
          v_misc_15, minmay_crypt_entry_simple_walls,
          nicolae_vaults_shelves_hall, nicolae_vaults_twisting_passages,
          ontoclasm_vaults_ring_large, v_rooms_6, ontoclasm_vaults_ring_large,
          vaults_room_grid, v_misc_8, v_misc_26
Vaults:3: v_alt_pattern_1, nicolae_vaults_little_squares_6,
          nicolae_vaults_circle_grid_a, vaults_room_corners,
          hangedman_vaults_capsules, vaults_room_door_hall,
          ontoclasm_vaults_decontamination, v_misc_5,
          nicolae_vaults_stairing_the_circle, v_misc_1, nicolae_vaults_octagons,
          vaults_room_large_hall, nicolae_vaults_rhombus_5, serial_shops,
          statue_bzr, shop, nicolae_shop_crystal, nicolae_shop_waterfront,
          shop_fountains
Vaults:4: advil_vaults_ghost_lines, v_pattern_2,
          nicolae_vaults_network_periphery, hangedman_vaults_corner_blocks,
          ontoclasm_vaults_misaligned, nicolae_vaults_quartermaster,
          vaults_standard_mumra_enter_the_diamond, vaults_dpeg_ring,
          ontoclasm_vaults_misaligned, nicolae_vaults_mini_display_case,
          serial_shops, nicolae_shop_stone, shop, shop_coins, shop, uniq_mennas
Crypt:1:  grunt_megastairs_2
Crypt:2:  uniq_frederick, uniq_bai_suzhen, uniq_xtahua
Crypt:3:  church_of_pain_bobbens, item_on_display_a
Bazaar:   bazaar_short_row, bazaar_minmay_armour_weapon
Sewer:    sewer_co_purgy_island
Bailey:   bailey_axe_minmay_hex_keep, bailey
IceCv:    ice_cave_caverns_03
Volcano:  volcano_bunker

Skill      XL: |  1  2  3  4  5  6  7  8  9 10 11 12 13 14 15 16 17 18 19 20 21 22 23 |
---------------+----------------------------------------------------------------------+-----
Spellcasting   | 3 4 5 6 8 9 11 12 13 14 16 17 18 19 21 22 | 22.0
Earth Magic    | 3 4 5 6 8 9 11 12 13 14 16 17 18 19 21 22 | 22.0
Dodging        | 3 4 7 10 11 12 | 12.5
Shields        | 3 4 5 |  5.2
Fighting       | 3 4 8 11 13 14 | 14.4
Staves         | 3 4 7 9 |  9.1
Evocations     | 3 4 |  4.0
Conjurations   | 4 7 8 |  8.0
Transmutations | 1 4 |  4.0
Stealth        | 4 8 9 |  9.8

Action                   |  1- 3 |  4- 6 |  7- 9 | 10-12 | 13-15 | 16-18 | 19-21 | 22-24 || total
-------------------------+-------+-------+-------+-------+-------+-------+-------+-------++-------
Melee: Unarmed           |    12 |       |       |       |       |       |       |       ||    12
       Whip              |     7 |    90 |   300 |       |       |       |       |       ||   397
       Staff             |       |       |     5 |   136 |    62 |   139 |    89 |   113 ||   544
Throw: Stone             |       |       |       |       |       |     1 |       |       ||     1
 Cast: Sandblast         |    21 |    61 |    26 |    16 |     7 |     5 |     2 |       ||   138
       Passwall          |       |     1 |     2 |     1 |     2 |       |       |     1 ||     7
       Lee's Rapid Decon |       |     2 |    28 |   161 |   123 |    97 |    20 |    18 ||   449
       Stone Arrow       |       |       |     9 |   273 |    69 |       |       |       ||   351
       Petrify           |       |       |     1 |    14 |    15 |     5 |       |       ||    35
       Iron Shot         |       |       |       |       |   273 |   246 |    64 |     1 ||   584
       Irradiate         |       |       |       |       |     6 |     3 |     2 |       ||    11
       Shatter           |       |       |       |       |       |   134 |   209 |    98 ||   441
       Ozocubu's Armour  |       |       |       |       |       |     1 |       |     1 ||     2
       Lehudib's Crystal |       |       |       |       |       |       |    47 |    92 ||   139
       Borgnjor's Vile C |       |       |       |       |       |       |     2 |     9 ||    11
Evoke: Wand              |       |       |       |    14 |       |     1 |       |       ||    15
       Phial of floods   |       |       |       |     1 |     1 |       |       |     1 ||     3
       Lightning rod     |       |       |       |       |       |       |     3 |       ||     3
  Use: Scroll            |       |     9 |     6 |     5 |     9 |     8 |    10 |     9 ||    56
 Stab: Sleeping          |       |       |     1 |     1 |       |     1 |     1 |    15 ||    19
       Paralysed         |       |       |       |     3 |       |       |       |       ||     3
       Distracted        |       |       |       |       |       |     2 |       |     3 ||     5
Armor: Robe              |     4 |    14 |    69 |    50 |    31 |    76 |    44 |    22 ||   310
       Ring mail         |       |    28 |    37 |       |       |       |       |       ||    65
       Troll leather arm |       |       |    33 |       |       |       |       |       ||    33
Dodge: Dodged            |    40 |    94 |   262 |   165 |    99 |   165 |    95 |    89 ||  1009
Block: Buckler           |       |       |       |    65 |    31 |    62 |    44 |    41 ||   243

Table legend:
 A = Spawn XP
 B = Non-spawn XP
 C = Spawn XP percentage of total XP
 D = Spawn monster count
 E = Non-spawn monster count
 F = Spawn count percentage of total count
 G = Total turns spent on level
                    A         B        C        D         E        F      G
               +---------+---------+-------+---------+---------+-------+---------
         Total |       0 |  951894 |   0.0 |       0 |    1979 |   0.0 | 54706
               +---------+---------+-------+---------+---------+-------+---------
           D:1 |       0 |      59 |   0.0 |       0 |      30 |   0.0 |   825
           D:2 |       0 |      53 |   0.0 |       0 |      13 |   0.0 |   770
           D:3 |       0 |     458 |   0.0 |       0 |      24 |   0.0 |   738
           D:4 |       0 |     560 |   0.0 |       0 |       8 |   0.0 |   865
           D:5 |       0 |     366 |   0.0 |       0 |      21 |   0.0 |   630
           D:6 |       0 |     438 |   0.0 |       0 |      16 |   0.0 |   731
           D:7 |       0 |     721 |   0.0 |       0 |      25 |   0.0 |   681
           D:8 |       0 |    4582 |   0.0 |       0 |      47 |   0.0 |   898
           D:9 |       0 |    2567 |   0.0 |       0 |      31 |   0.0 |   686
          D:10 |       0 |    7501 |   0.0 |       0 |      79 |   0.0 |  1945
          D:11 |       0 |    6059 |   0.0 |       0 |      45 |   0.0 |   552
          D:12 |       0 |    4677 |   0.0 |       0 |      27 |   0.0 |   885
          D:13 |       0 |    9833 |   0.0 |       0 |      25 |   0.0 |  1159
          D:14 |       0 |   10070 |   0.0 |       0 |      32 |   0.0 |   958
          D:15 |       0 |    9071 |   0.0 |       0 |      33 |   0.0 |   588
        Lair:1 |       0 |    2655 |   0.0 |       0 |      13 |   0.0 |   819
        Lair:2 |       0 |    7478 |   0.0 |       0 |      29 |   0.0 |  1080
        Lair:3 |       0 |    8199 |   0.0 |       0 |      17 |   0.0 |  1043
        Lair:4 |       0 |    5185 |   0.0 |       0 |      17 |   0.0 |  1006
        Lair:5 |       0 |    9746 |   0.0 |       0 |      33 |   0.0 |  1180
        Lair:6 |       0 |   15749 |   0.0 |       0 |      40 |   0.0 |  1230
       Swamp:1 |       0 |    5195 |   0.0 |       0 |      22 |   0.0 |   930
       Swamp:2 |       0 |   18138 |   0.0 |       0 |      40 |   0.0 |  1888
       Swamp:3 |       0 |   27984 |   0.0 |       0 |      53 |   0.0 |  1200
       Swamp:4 |       0 |   37498 |   0.0 |       0 |      67 |   0.0 |  1991
       Snake:1 |       0 |   18005 |   0.0 |       0 |      29 |   0.0 |  1389
       Snake:2 |       0 |   25007 |   0.0 |       0 |      48 |   0.0 |  1584
       Snake:3 |       0 |   14556 |   0.0 |       0 |      31 |   0.0 |  1762
       Snake:4 |       0 |   76852 |   0.0 |       0 |     111 |   0.0 |  2047
         Orc:1 |       0 |    2425 |   0.0 |       0 |      39 |   0.0 |   867
         Orc:2 |       0 |   14053 |   0.0 |       0 |      95 |   0.0 |  2957
         Elf:1 |       0 |   22184 |   0.0 |       0 |      37 |   0.0 |  1529
         Elf:2 |       0 |   31484 |   0.0 |       0 |      43 |   0.0 |  1254
         Elf:3 |       0 |   64492 |   0.0 |       0 |      64 |   0.0 |  1559
      Vaults:1 |       0 |   42490 |   0.0 |       0 |      82 |   0.0 |  1620
      Vaults:2 |       0 |   28989 |   0.0 |       0 |      56 |   0.0 |  2430
      Vaults:3 |       0 |   43764 |   0.0 |       0 |      72 |   0.0 |  1547
      Vaults:4 |       0 |   24169 |   0.0 |       0 |      35 |   0.0 |   812
       Crypt:1 |       0 |   57682 |   0.0 |       0 |      87 |   0.0 |  1165
       Crypt:2 |       0 |   47732 |   0.0 |       0 |      49 |   0.0 |   842
       Crypt:3 |       0 |   71560 |   0.0 |       0 |      96 |   0.0 |  2030
        Tomb:1 |       0 |  148126 |   0.0 |       0 |      86 |   0.0 |  2278
         Sewer |       0 |     137 |   0.0 |       0 |       9 |   0.0 |   288
        Bailey |       0 |    4589 |   0.0 |       0 |      69 |   0.0 |   312
         IceCv |       0 |   12100 |   0.0 |       0 |      43 |   0.0 |   616
       Volcano |       0 |    6656 |   0.0 |       0 |      11 |   0.0 |   333
               +---------+---------+-------+---------+---------+-------+---------
